 Dungeon Crawl Stone Soup version 0.19-a0-1908-g43c011f (webtiles) character file.

5 Kaname the Magician (level 1, 0/11 HPs)
             Began as a High Elf Wanderer on Oct 22, 2016.
             Slain by a rat (3 damage)
             ... on level 1 of the Dungeon.
             The game lasted 00:02:54 (1016 turns).

Kaname the Magician (High Elf Wanderer)             Turns: 1016, Time: 00:02:55

Health: 0/11       AC:  2    Str:  9    XL:     1   Next: 66%
Magic:  6/6        EV: 11    Int: 17    God:
Gold:   29         SH:  0    Dex: 14    Spells: 1 memorised, 6 levels left

rFire  . . .     SeeInvis .     e - +0 dagger
rCold  . . .     Gourm    .     d - +0 robe
rNeg   . . .     Faith    .     (no shield)
rPois  .         Spirit   .     (no helmet)
rElec  .         Reflect  .     (no cloak)
rCorr  .         Harm     .     (no gloves)
MR     .....                    (no boots)
Stlth  ++........               (no amulet)
                                (no ring)
                                (no ring)

@: no status effects
A: no striking features
a: no special abilities


You were on level 1 of the Dungeon.
You were not hungry.

You visited 1 branch of the dungeon, and saw 2 of its levels.

You collected 29 gold pieces.

Inventory:

Hand Weapons
 e - a +0 dagger (weapon)
Missiles
 g - 4 needles of sleeping
Armour
 d - a +0 robe (worn)
Scrolls
 i - a scroll of teleportation {unknown}
Potions
 h - a potion of heal wounds {unknown}
Books
 a - a book of Maledictions

   Spells                             Type                      Level
   a - Corona                         Hexes                        1
   b - Ensorcelled Hibernation        Hexes/Ice                    2
   c - Confuse                        Hexes                        3
   d - Tukima's Dance                 Hexes                        3
   e - Dazzling Spray                 Conjuration/Hexes            3
 b - Yxoh's Grimoire of Evil Secrets

   Spells                             Type                      Level
   a - Animate Skeleton               Necromancy                   1
   b - Vampiric Draining              Necromancy                   3
 c - Naxu's Papyrus of the Mountains

   Spells                             Type                      Level
   a - Sandblast                      Earth                        1
   b - Stone Arrow                    Conjuration/Earth            3
 j - a book of Changes

   Spells                             Type                      Level
   a - Beastly Appendage              Transmutation                1
   b - Sticks to Snakes               Transmutation                2
   c - Spider Form                    Transmutation/Poison         3
   d - Ice Form                       Ice/Transmutation            4
   e - Blade Hands                    Transmutation                5
Comestibles
 f - a bread ration


   Skills:
 - Level 2.1 Stealth
 + Level 3.7 Spellcasting
   Level 3.0 Hexes
 * Level 0.8 Necromancy
   Level 1.0 Fire Magic
   Level 1.0 Ice Magic


You had 6 spell levels left.
You knew the following spells:

 Your Spells              Type           Power        Failure   Level  Hunger
a - Animate Skeleton      Necr           N/A          14%         1    None


Dungeon Overview and Level Annotations

Branches:
Dungeon (2/15)

Altars:


Message History

The hobgoblin shouts!
The rat bites you.
There is a stone staircase leading down here.
There is a stone staircase leading down here.
There is an open door here.
You barely miss the rat. The rat bites you.
You barely miss the rat. The rat bites you but does no damage.
You hit the rat but do no damage. The rat bites you.
You barely miss the rat. The rat misses you.
You closely miss the rat. The rat bites you.
You closely miss the rat. The rat bites you but does no damage.
You closely miss the rat. The rat closely misses you.
You hit the rat but do no damage. The rat bites you.
You hit the rat but do no damage. The rat misses you.
You barely miss the rat. The rat bites you.
* * * LOW HITPOINT WARNING * * *
You hit the rat.
The rat is severely wounded.
The rat bites you.
You die...

......... ... ...........
....#.#.####### #.#
####.....#. #............
... ........... #).....#
#.# #######...# #......#
#.# #........# #......# #.#
#.....[..# #......# ####.#
#......... ###.#.##
#....####........# #.#g#
#@##.............#
#r#.######r###+###.....####
#.#.r...#.g.#...########
#.#####.#.>.#...#
#.#####.#...#...#
#..r....#.>.#.<.#
#######r#...#...#
#.#.>.#...# #.#...#...#


You could see a hobgoblin and a rat.

Vanquished Creatures
  A frilled lizard (D:2)
  2 kobolds (D:2)
  4 rats
7 creatures vanquished.

Notes
Turn   | Place    | Note
-------+----------+-------------------------------------------
     0 | D:1      | Kaname the High Elf Wanderer began the quest for the Orb.
     0 | D:1      | Kaname set off with: a book of Maledictions, Yxoh's Grimoire of Evil Secrets, Naxu's Papyrus of the Mountains, a +0 robe, a +0 dagger, a bread ration
     0 | D:1      | Reached XP level 1. HP: 11/11 MP: 6/6
     0 | D:1      | Identified Yxoh's Grimoire of Evil Secrets
     0 | D:1      | Identified Naxu's Papyrus of the Mountains
     2 | D:1      | Learned a level 1 spell: Animate Skeleton
  1016 | D:1      | Slain by a rat

Vault maps used:
D:1:      minmay_arrival_up_and_down, minmay_tromino_mix6

Action                   || total
-------------------------++-------
Melee: Dagger            ||    47
 Stab: Sleeping          ||     2
Armor: Robe              ||     9
Dodge: Dodged            ||    21
